 Dungeon Crawl Stone Soup version 0.30-a0-140-gd1020e658a (webtiles) character file.

Game seed: 9219630111974454783

1112 ytrimaz the Trooper (level 8, -3/73 HPs)
             Began as a Hill Orc Fighter on Sept 24, 2022.
             Was an Initiate of Beogh.
             Slain by Menkaure (13 damage)
             ... on level 5 of the Dungeon.
             The game lasted 00:06:27 (4452 turns).

ytrimaz the Trooper (Hill Orc Fighter)              Turns: 4452, Time: 00:06:28

Health: -3/73      AC: 11    Str: 25      XL:     8   Next: 33%
Magic:  12/12      EV: 13    Int:  8      God:    Beogh [......]
Gold:   163        SH:  5    Dex:  9 (10) Spells: 7/7 levels left

rFire   . . .      SeeInvis .    a - +1 war axe
rCold   + . .      Faith    .    c - +0 buckler
rNeg    . . .      Spirit   .    b - +0 scale mail
rPois   +          Reflect  .    d - +1 hat {Stlth+}
rElec   .          Harm     .    v - +2 cloak
rCorr   .          Rampage  .    (no gloves)
Will    .....                    (no boots)
Stlth   +.........               x - amulet of Puepp {Regen+ Str+4}
HPRegen 1.02/turn                e - +4 ring of evasion
MPRegen 0.13/turn                z - ring of poison resistance

@: no status effects
A: cold resistance 1
a: Renounce Religion


You were on level 5 of the Dungeon.
You worshipped Beogh.
Beogh was noncommittal.
You visited 1 branch of the dungeon, and saw 5 of its levels.

You collected 235 gold pieces.
You spent 72 gold pieces at shops.


Innate Abilities, Weirdness & Mutations

Your flesh is cold resistant. (rC+)


   Skills:
 + Level 7.5 Fighting
 + Level 6.2 Axes
 - Level 3.2 Armour
 - Level 6.3 Shields
 + Level 5.4 Invocations


You had 7 spell levels left.
You didn't know any spells.
Your spell library contained the following spells:

 Spells                   Type           Power      Damage    Failure   Level
 Dazzling Flash           Conj/Hex       0%         N/A       98%         3
 Kindle Blastsparks       Fire/Tloc/Air  0%         2d10      98%         3
 Fulminant Prism          Conj/Hex       0%         3d6       100%        4
 Iskenderun's Mystic Bla  Conj/Tloc      0%         2d3       100%        4
 Lee's Rapid Deconstruct  Erth           0%         3d5*      100%        5
 Starburst                Conj/Fire      0%         6d3       100%        6

Inventory:

Hand Weapons
 a - a +1 war axe (weapon)
Armour
 b - a +0 scale mail (worn)
 c - a +0 buckler (worn)
 d - a +1 hat of stealth (worn)
   (You found it on level 2 of the Dungeon)
 v - a +2 cloak (worn)
   (You found it on level 4 of the Dungeon)
Jewellery
 e - a +4 ring of evasion (left hand)
   (You found it on level 1 of the Dungeon)
 n - a ring of positive energy
   (You found it on level 3 of the Dungeon)
 r - a ring of see invisible
   (You found it on level 3 of the Dungeon)
 t - an amulet of reflection
   (You found it on level 3 of the Dungeon)
 x - the amulet of Puepp (around neck) {Regen+ Str+4}
   (You found it on level 4 of the Dungeon)

   [amulet of regeneration]

   Str:       It affects your strength (+4).
   Regen:     It increases your rate of health regeneration.
 z - a ring of poison resistance (right hand)
   (You found it on level 4 of the Dungeon)
Scrolls
 g - a scroll of brand weapon {unknown}
 i - a scroll of summoning {unknown}
 j - a scroll of vulnerability
 l - a scroll of noise
 o - 2 scrolls of amnesia
 s - 2 scrolls of magic mapping
 y - 2 scrolls of identify
Potions
 f - 2 potions of attraction
 h - a potion of curing
 k - a potion of haste {unknown}
 q - a potion of lignification
 w - a potion of degeneration

Dungeon Overview and Level Annotations

Branches:
Dungeon (5/15) Zot: 25385
 Temple: D:4-7

Altars:

Shops:
D:2 *

Annotations:
D:5 1 runed translucent door, Chaicat's ghost, novice MiFi; Menkaure

##..#.......# #+#...#.#
##....#####.# ###.#.## #
.......# ###.#..# #....#
#..# ##...# #..# .# #...#
##..########..#
#............@......#
#.#.#####.###M......# #.#(#
#.# #g##.####
#.#.#####.###g.......
#.......).........###
######.#####.........####.#
.......##.................#
............[.###.#.#.####
#########.###g###.#.#.#


You could see Menkaure (fast) and 2 gnolls.


Message History

You slash the phantom! The phantom barely misses you.
Unknown command.
You slash the phantom!
The phantom hits you but does no damage.
You slash the phantom!
You destroy the phantom!
Beogh accepts your kill. The gnoll barely misses you.
The gnoll hits you but does no damage.
Unknown command.
You barely miss the gnoll. The gnoll misses you.
The gnoll hits you but does no damage. You block the gnoll's attack.
The gnoll closely misses you.
You barely miss the gnoll. The gnoll hits you but does no damage.
The gnoll misses you.
You barely miss the gnoll.
Menkaure calls on the powers of darkness!
The gnoll convulses! x2
Your body is wracked with pain!
The gnoll convulses!
The gnoll closely misses you. The gnoll barely misses you. 😮 HP[-35]
You take 35 damage, and now have 38/73 hp.
MASSIVE DAMAGE!! (PAUSE)
The gnoll attacks as you move away! The gnoll closely misses you.
Menkaure casts a spell.
Menkaure seems to speed up.
The gnoll hits you but does no damage. 😮 HP[+1] 😮 HP[+1] 😮 HP[+1] 😮 HP[+1] MP[+1]
Your mp is fully restored (12). 😮 HP[+1]
Okay, then. 😮 HP[+1] 😮 HP[+2]
You regained 2 hp, and now have 46/73 hp. 😮 HP[+1] 😮 HP[+1] Menkaure calls on the powers of darkness!
The gnoll convulses!
Your body is wracked with pain!
* * * LOW HITPOINT WARNING * * *
😨 HP[-22]
You take 22 damage, and now have 26/73 hp.
MASSIVE DAMAGE!! (PAUSE) 😨 HP[+1] Unknown command. 😨 HP[+1] 😨 HP[+1]
There is a stone staircase leading up here. 😨 HP[+1]
You climb upwards.
There is a stone staircase leading down here. 😨 HP[+2]
You regained 2 hp, and now have 32/73 hp.
You start resting. 😎 HP[+41]
Your hp is fully restored (73).
You climb downwards.
Level annotation: 1 runed translucent door, Chaicat's ghost, novice MiFi; Menkaure
There is a stone staircase leading up here.
Menkaure casts a spell.
Menkaure seems to speed up.
The gnoll closely misses you.
You hit the gnoll.
The gnoll hits you with a +0 spear. 😕 HP[-2]
You take 2 damage, and now have 71/73 hp.
You closely miss the gnoll.
The gnoll hits you but does no damage. 😕 HP[+1]
You slash the gnoll!
You kill the gnoll!
Beogh accepts your kill. The gnoll barely misses you.
Menkaure mumbles, "It doesn't hurt if you pull your brain out of your nose yourself."
Menkaure misses you. 😎 HP[+1]
Your hp is fully restored (73).
You completely miss Menkaure. The gnoll barely misses you.
The gnoll hits you from afar with a +0 halberd.
Menkaure calls on the powers of darkness!
The gnoll convulses!
Your body is wracked with pain!
The gnoll convulses!
The gnoll hits you but does no damage.
The gnoll completely misses you. 😮 HP[-36]
You take 36 damage, and now have 37/73 hp.
MASSIVE DAMAGE!! (PAUSE)
You are too injured to fight recklessly!
You hit Menkaure. Menkaure hits you!!
* * * LOW HITPOINT WARNING * * *
The gnoll hits you from afar with a +0 halberd!
* * * LOW HITPOINT WARNING * * *
The gnoll barely misses you. 😱 HP[-29]
You take 29 damage, and now have 8/73 hp.
MASSIVE DAMAGE!! (PAUSE) Menkaure mumbles a few words.
You block Menkaure's attack.
There is a stone staircase leading up here. 😱 HP[+1] Menkaure hits you!
You die...

Skill      XL: |  1  2  3  4  5  6  7  8 |
---------------+-------------------------+-----
Fighting       | 4 5 6 7 |  7.5
Shields        | 4 5 6 |  6.3
Invocations    | 2 5 |  5.4
Axes           | 4 5 6 |  6.2
Armour         | |  3.2

Action                   |  1- 3 |  4- 6 |  7- 9 || total
-------------------------+-------+-------+-------++-------
Melee: War axe           |    63 |   200 |    79 ||   342
Invok: Convert to Beogh  |       |     1 |       ||     1
  Use: Scroll            |     4 |     9 |       ||    13
       Potion            |     2 |     8 |       ||    10
Armor: Scale mail        |    42 |    83 |    34 ||   159
       Skin              |       |     6 |       ||     6
Dodge: Dodged            |    59 |   144 |    49 ||   252
Block: Buckler           |    21 |    68 |    12 ||   101
       Reflection        |       |     1 |       ||     1

Levels and vault maps discovered:
D:1:      dpeg_arrival_shelter, layout_basic
D:2:      layout_basic, serial_shops, nicolae_square_shop, uniq_robin
D:3:      layout_basic, gup_sewer_entry_bubbles,
          shapermc_ecumenical_altar_mp_vishouse
D:4:      layout_cave_pools, fedhas_altar_fruit_tree, xom_butterflies,
          minmay_diced_spiral
D:5:      layout_loops_ring, hellmonk_ghost_happy_afterlife,
          chequers_decorated_corner, uniq_menkaure, uniq_pikel,
          uniq_blork_the_orc

Notes
Turn   | Place    | Note
-------+----------+-------------------------------------------
     0 | D:1      | ytrimaz the Hill Orc Fighter began the quest for the Orb.
     0 | D:1      | Reached XP level 1. HP: 19/19 MP: 1/1
     0 | D:1      | magus.rc [v1.9.6]
   224 | D:1      | Reached XP level 2. HP: 19/27 MP: 2/2
   639 | D:1      | Reached skill level 4 in Fighting
   795 | D:1      | Reached skill level 4 in Shields
  1047 | D:2      | Noticed Robin
  1052 | D:2      | Reached XP level 3. HP: 24/33 MP: 3/3
  1057 | D:2      | Killed Robin
  1061 | D:2      | HP: 8/33 [poisoned by an adder]
  1074 | D:2      | Reached XP level 4. HP: 12/41 MP: 4/4
  1433 | D:2      | Reached skill level 5 in Shields
  1659 | D:2      | Reached XP level 5. HP: 47/47 MP: 5/5
  1721 | D:2      | Found Amil's Assorted Antiques.
  1727 | D:2      | Bought a scroll of identify for 36 gold pieces
  1727 | D:2      | Bought a scroll labelled ZENILU REAWO for 18 gold pieces
  1727 | D:2      | Bought a scroll labelled ARPHOF FAENI for 18 gold pieces
  2440 | D:3      | Found a faded altar of an unknown god.
  2623 | D:3      | Reached skill level 5 in Fighting
  2933 | D:3      | You pick up a book of Spectacle and begin reading...
  2933 | D:3      | You add the spells Dazzling Flash, Iskenderun's Mystic
                  | Blast and Starburst to your library.
  3550 | D:4      | Became a worshipper of Beogh the Brigand
  3553 | D:4      | Reached skill level 6 in Shields
  3601 | D:4      | Reached XP level 6. HP: 56/56 MP: 6/6
  3605 | D:4      | Identified the amulet of Puepp {Regen+ Str+4}
  3634 | D:4      | Noticed an orc warrior
  3795 | D:4      | HP: 14/56 [orc warrior/+0 battleaxe (9)]
  3799 | D:4      | Gained mutation: Your magical capacity is low. (-10% MP)
                  | [potion of mutation]
  3799 | D:4      | Gained mutation: You are frail. (-10% HP) [potion of
                  | mutation]
  3803 | D:4      | Reached skill level 1 in Invocations
  3840 | D:4      | Lost mutation: You are frail. (-10% HP) [potion of
                  | mutation]
  3840 | D:4      | Lost mutation: Your magical capacity is low. (-10% MP)
                  | [potion of mutation]
  3840 | D:4      | Gained mutation: Your flesh is cold resistant. (rC+)
                  | [potion of mutation]
  4013 | D:5      | Entered Level 5 of the Dungeon
  4013 | D:5      | Noticed an ice beast
  4030 | D:5      | Killed an ice beast
  4031 | D:5      | Reached skill level 3 in Axes
  4031 | D:5      | Reached skill level 2 in Invocations
  4069 | D:5      | Found a runed translucent door.
  4069 | D:5      | Noticed Chaicat's ghost (novice MiFi)
  4155 | D:5      | Noticed Blork the orc
  4160 | D:5      | Killed Blork the orc
  4161 | D:5      | Reached skill level 6 in Fighting
  4161 | D:5      | Reached skill level 4 in Axes
  4161 | D:5      | Reached XP level 7. HP: 63/63 MP: 7/9
  4218 | D:5      | Noticed Pikel
  4235 | D:5      | Reached skill level 3 in Invocations
  4344 | D:5      | Killed Pikel
  4345 | D:5      | Reached skill level 7 in Fighting
  4345 | D:5      | Reached skill level 5 in Axes
  4345 | D:5      | Reached skill level 5 in Invocations
  4345 | D:5      | Reached XP level 8. HP: 60/73 MP: 9/11
  4365 | D:5      | You pick up a book of Blasting and begin reading...
  4365 | D:5      | You add the spells Kindle Blastsparks, Fulminant Prism and
                  | Lee's Rapid Deconstruction to your library.
  4374 | D:5      | Noticed Menkaure
  4375 | D:5      | Reached skill level 6 in Axes
  4450 | D:5      | HP: 8/73 [gnoll/+0 halberd (11)]
  4452 | D:5      | Slain by Menkaure

Vanquished Creatures
  Pikel (D:5)
  An ice beast (D:5)
  A phantom (D:5)
  2 lemures (D:5)
  Blork the orc (D:5)
  A scorpion (D:5)
  A hound (D:4)
  2 jellies
  An orc priest (D:4)
  Robin (D:2)
  2 gnolls (D:5)
  9 adders
  An ufetubus (D:4)
  2 worms (D:3)
  3 dart slugs
  8 orcs
  5 bats
  7 endoplasms
  7 giant cockroaches
  13 goblins
  7 hobgoblins
  4 jackals (D:1)
  2 quokkas (D:3)
  4 ball pythons
  A frilled lizard (D:1)
  7 kobolds
  4 rats
  A butterfly (D:4)
99 creatures vanquished.

Vanquished Creatures (others)
  An adder (D:4)
  2 orcs (D:4)
3 creatures vanquished.

Grand Total: 102 creatures vanquished

Table legend:
 A = Non-vault XP
 B = Vault XP
 C = Vault XP percentage of total XP
 D = Non-vault monster count
 E = Vault monster count
 F = Vault count percentage of total count
                 A         B        C        D         E       F
            +---------+---------+-------+---------+---------+-------
      Total |     732 |     857 |  53.9 |      71 |      25 |  26.0
            +---------+---------+-------+---------+---------+-------
        D:1 |      27 |       0 |   0.0 |      17 |       0 |   0.0
        D:2 |     111 |      36 |  24.5 |      17 |      13 |  43.3
        D:3 |      61 |      11 |  15.3 |      21 |       6 |  22.2
        D:4 |     140 |      26 |  15.7 |       9 |       4 |  30.8
        D:5 |     393 |     784 |  66.6 |       7 |       2 |  22.2
            +---------+---------+-------+---------+---------+-------

Illustrated notes

Table legend:
 A = Kills in this place as a percentage of kills in entire the game.
 B = Kills by you in this place as a percentage of kills by you in the entire game.
 C = Kills by friends in this place as a percentage of kills by friends in the entire game.
 D = Other kills in this place as a percentage of other kills in the entire game.
 E = Experience gained in this place as a percentage of experience gained in the entire game.
 F = Experience gained in this place divided by the number of levels of this place that you have seen.
                   A       B       C       D       E      F
               +-------+-------+-------+-------+-------+----------------------
         Total | 100.0 | 100.0 |   N/A |   N/A | 100.0 | 317.8
       Dungeon | 100.0 | 100.0 |   N/A |   N/A | 100.0 | 317.8
               +-------+-------+-------+-------+-------+----------------------

Table legend: (Time is in decaauts)
 A = Elapsed time spent in this place.
 B = Non-inter-level travel time spent in this place.
 C = Inter-level travel time spent in this place.
 D = Time resting spent in this place.
 E = Time spent auto-exploring this place.
 F = Levels seen in this place.
 G = Mean time per level.
                   A        B        C        D        E       F      G
               +--------+--------+--------+--------+--------+-----+--------+
         Total |   4614 |   4523 |     91 |    144 |   3358 |   5 |  922.8 |
       Dungeon |   4614 |   4523 |     91 |    144 |   3358 |   5 |  922.8 |
               +--------+--------+--------+--------+--------+-----+--------+

Top non-repeatable levels by time:
     D:3: 1598 daAuts
     D:1: 1065 daAuts
     D:2: 1008 daAuts
     D:4: 512 daAuts
     D:5: 429 daAuts
